Map: Ice and Chrome LE

Players

prospeKt - Winner!

  • Race: Zerg Zerg
  • League: Platinum
  • Spawn Location: 7:00

VOD

Have the link to the VOD?

Description

Time

  • Played on: June 12, 2020, 6:01 p.m.
  • Length: 19:30
Show
View Real Time Build Order
Export as new Build Order

prospeKt Zerg - Winner!

Build Orders:  

Get SALT Encoding   

  12  0:02  Drone  
  13  0:18  Overlord  
  13  0:24  Drone  
  14  0:43  Drone x2  
  14  0:49  Drone  
  17  1:14  Hatchery  
  17  1:18  Drone  
  18  1:33  Drone  
  18  1:43  Spawning Pool  
  18  1:48  Drone  
  18  2:03  Drone  
  18  2:06  Extractor  
  18  2:18  Drone  
  19  2:33  Overlord  
  19  2:53  Drone  
  19  2:56  Queen x2  
  19  2:57  Drone  
  25  3:07  Zergling x2  
  26  3:11  Zergling x2  
  27  3:27  Drone  
  27  3:28  Drone  
  29  3:35  Spine Crawler  
  29  3:36  Drone  
  29  3:44  Drone  
  30  3:54  Queen  
  30  3:55  Overlord  
  30  3:59  Drone  
  33  4:07  Drone  
  34  4:11  Lair  
  34  4:22  Drone x2  
  36  4:33  Drone x3  
  36  4:34  Drone  
  36  4:36  Overlord  
  36  4:39  Drone x2  
  29  4:40  Drone  
  42  4:45  Drone  
  44  5:06  Extractor  
  44  5:08  Extractor  
  42  5:13  Roach Warren, Drone  
  42  5:14  Drone x3  
  42  5:15  Drone  
  42  5:16  Drone x2  
  42  5:18  Drone x2  
  50  5:22  Overlord  
  50  5:47  Drone x4  
  54  5:56  Hatchery  
  54  5:57  Overlord  
  53  6:08  Drone  
  54  6:14  Drone x2  
  54  6:15  Drone x4  
  54  6:16  Overlord  
  39  6:20  Overseer  
  60  6:34  Overlord  
  60  6:35  Roach  
  60  6:37  Roach  
  64  6:43  Roach  
  66  6:56  Roach x5  
  66  6:58  Overlord  
  76  7:04  Glial Reconstitution  
  76  7:19  Drone  
  77  7:20  Drone x2  
  77  7:27  Extractor  
  77  7:28  Hydralisk Den, Drone  
  78  7:34  Drone  
  79  7:44  Queen  
  79  7:46  Drone x2  
  79  7:49  Overlord  
  83  8:05  Drone  
  83  8:06  Drone x2  
  86  8:22  Drone x3  
  86  8:24  Overlord  
  89  8:33  Drone  
  90  8:47  Drone x4  
  90  8:48  Drone  
  95  8:51  Evolution Chamber  
  95  8:56  Extractor  
  95  8:58  Extractor  
  95  8:59  Drone  
  93  9:00  Drone x5  
  98  9:14  Hatchery  
  97  9:23  Drone x4  
  101  9:33  Hatchery  
  101  9:38  Drone x3  
  103  9:43  Overlord  
  103  9:49  Unknown  
  103  10:34  Drone x7  
  103  10:35  Drone x2  
  112  10:42  Overlord  
  112  10:43  Overlord  
  112  10:45  Hydralisk x3  
  118  10:50  Hydralisk  
  118  10:51  Hydralisk  
  122  11:01  Overlord x3  
  122  11:12  Zerg Missile Weapons Level 1  
  122  11:20  Evolution Chamber  
  122  11:29  Unknown  
  121  11:32  Hydralisk x10  
  121  11:33  Hydralisk x4  
  121  11:38  Hydralisk x6  
  161  11:49  Infestation Pit  
  160  11:50  Lurker Den  
  160  11:51  Hydralisk x3  
  160  11:53  Overlord  
  160  11:54  Overlord x3  
  160  11:57  Overseer  
  165  12:26  Hydralisk  
  165  12:27  Hydralisk x13  
  165  12:29  Overlord x2  
  193  12:32  Hydralisk x2  
  197  12:54  Hatchery  
  196  13:14  Lurker x4  
  200  13:21  Hive  
  200  13:26  Hatchery  
  199  13:52  Zerg Ground Armor Level 1  
  199  13:56  Lurker x3  
  194  14:14  Hydralisk x8  
  185  14:24  Extractor  
  185  14:25  Hydralisk x3, Extractor  
  171  14:54  Lurker x3  
  162  15:21  Lurker  
  162  15:22  Lurker x2  
  162  15:24  Hydralisk x2  
  163  15:46  Extractor  
  163  15:47  Drone x3  
  163  15:49  Drone x2  
  167  15:50  Drone  
  168  16:01  Hydralisk x10  
  188  16:18  Zerg Missile Weapons Level 2  
  188  16:34  Extractor  
  187  16:45  Hydralisk x7  
  187  16:46  Hydralisk  
  198  18:20  Unknown  
Tags
 
Add a new tag
Caveats
  • Supply blocks, unpowered buildings, or Contaminate may cause inaccurate times.
  • Supply counts are checked every 10 seconds.